 Dungeon Crawl Stone Soup version 0.31.0-11-ge490571c62 (webtiles) character file.

Game seed: 15655374642433045103

1222 browni3141 the Slasher (level 8, -4/60 HPs)
             Began as a Barachi Monk on Feb 2, 2024.
             Was a Follower of Kikubaaqudgha.
             Succumbed to a kobold brigand's curare-tipped dart
             ... on level 7 of the Dungeon.
             The game lasted 00:15:50 (2051 turns).

browni3141 the Slasher (Barachi Monk)               Turns: 2051, Time: 00:15:50

Health: -4/60      AC:  2    Str: 12    XL:     8   Next: 47%
Magic:  2/14       EV: 13    Int: 12    God:    Kikubaaqudgha [*.....]
Gold:   176        SH:  0    Dex: 16    Spells: 11/15 levels left

rFire   . . .        a - +5 short sword
rCold   . . .        d - orb {light}
rNeg    . . .        w - +0 robe
rPois   .            (no helmet)
rElec   .            (no cloak)
rCorr   .            (no gloves)
SInv    .            (no boots)
Will    .....        i - amulet of guardian spirit
Stlth   +            (no ring)
HPRegen 0.30/turn    (no ring)
MPRegen 0.14/turn

%: guardian spirit
@: lethally poisoned (-4 -> -31), unable to hop, slowed, glowing, very slow
A: amphibious, slowness 1, strong legs 1, +LOS
a: Hop, Renounce Religion, Unearth Wretches


You were on level 7 of the Dungeon.
You worshipped Kikubaaqudgha.
Kikubaaqudgha was aware of your devotion.
You visited 2 branches of the dungeon, and saw 8 of its levels.

You collected 194 gold pieces.
You spent 18 gold pieces at shops.

Inventory:

Hand Weapons
 a - a +5 short sword (weapon)
 b - a +2 sling of electrocution
 f - a +0 sling
 u - a +0 flail
 v - a +0 falchion
Armour
 d - an orb of light (worn)
 t - a +1 chain mail of fire resistance
 w - a +0 robe (worn)
Jewellery
 g - a ring of ice
 i - an amulet of guardian spirit (around neck)
Wands
 y - a wand of flame (12)
Scrolls
 h - a scroll of enchant armour
 m - a scroll of immolation
 r - 2 scrolls of identify
 s - 3 scrolls of enchant weapon
 x - a scroll of vulnerability {unknown}
Potions
 n - a potion of invisibility


   Skills:
 - Level 4.1 Fighting
 - Level 6.0 Long Blades
 - Level 5.0 Armour
 + Level 4.0 Dodging
 - Level 4.0 Spellcasting
 * Level 5.4 Necromancy


You had 11 spell levels left.
You knew the following spells:

 Your Spells              Type           Power      Damage    Failure   Level
a - Animate Dead          Necr           15%        N/A       24%         4

Your spell library contained the following spells:

 Spells                   Type           Power      Damage    Failure   Level
 Necrotise                Necr           60%        1d7       2%          1
 Sublimation of Blood     Necr           15%        N/A       3%          2
 Kiss of Death            Conj/Necr      32%        2d7       8%          1
 Dazzling Flash           Conj/Hex       4%         N/A       54%         3
 Mephitic Cloud           Conj/Alch/Air  2%         N/A       54%         3
 Curse of Agony           Necr           15%        N/A       54%         5
 Silence                  Hex/Air        1%         N/A       99%         5


Dungeon Overview and Level Annotations

Branches:
Dungeon (7/15)             Temple (1/1) D:7

Altars:
Cheibriados
Dithmenos
Elyvilon
Fedhas
Gozag
Hepliaklqana
Kikubaaqudgha
Nemelex Xobeh
Okawaru
Qazlal
Ru
Trog
Uskayaw
Wu Jian
Xom
Yredelemnul

Shops:
D:2 *


Innate Abilities, Weirdness & Mutations

You are amphibious.
You cover ground slowly.
You can hop short distances.
You have an extended range of vision and can be seen from far away.


Message History

You start memorising the spell.
You continue memorising. x2
You are ready to hop once more.
You continue memorising. x2
You finish memorising.
Spell assigned to 'a'.
You enter the shallow water.
Magic restored.
Found an iron altar of Okawaru.
There is a staircase back to the Dungeon here.
You start removing your armour.
You continue taking off your +1 chain mail of fire resistance. x4
You finish taking off your +1 chain mail of fire resistance.
You feel less resistant to fire.
You start putting on your armour.
You continue putting on your +0 robe. x5
You finish putting on your +0 robe.
Casting: Animate Dead (quite dangerous; 24% risk of failure)
Confirm with . or Enter, or press ? or * to list all spells.
Okay, then.
Unknown command.
Unknown command.
Unknown command.
You climb upwards.
Welcome back to the Dungeon!
There is a staircase to the Ecumenical Temple here.
Found a stone staircase leading up.
An orc priest comes into view. It is wielding a +0 club.
The orc priest shouts!
Aiming: Throw Flame
Press: ? - help, Shift-Dir - straight line, f - orc priest
Aim: an orc priest, wielding a +0 club and wearing a +0 ring mail (72% to hit)
The puff of flame hits the orc priest.
The orc priest is lightly wounded.
The orc priest calls down the wrath of Beogh upon you.
Beogh smites you!
Aiming: Throw Flame
Press: ? - help, Shift-Dir - straight line, f/p - orc priest
Aim: an orc priest, wielding a +0 club and wearing a +0 ring mail (lightly wounded, 72% to hit)
The puff of flame hits the orc priest.
The orc priest is moderately wounded.
You hear the crackle of electricity.
b - a +2 sling of electrocution (weapon)
You shoot a sling bullet. The sling bullet hits the orc priest.
The orc priest is severely wounded.
Your +2 sling of electrocution stops crackling.
a - a +5 short sword (weapon)
The orc priest mumbles some strange prayers to Beogh against you.
Pain shoots through your body!
You hit the orc priest.
The orc priest is severely wounded.
You hit the orc priest but do no damage.
The orc priest is severely wounded.
The orc priest hits you with a +0 club.
You puncture the orc priest!
You kill the orc priest!
Kikubaaqudgha accepts your kill.
No target in view!
Things that are here:
a +0 club; a +0 ring mail; an orc corpse A kobold demonologist and 2 kobold brigands come into view.
A kobold brigand is wielding a +0 whip and quivering curare-tipped darts.
A kobold brigand is wielding a +0 short sword and quivering poisoned darts.
The kobold demonologist shouts!
The kobold brigand shouts!
You hear a shout!
The kobold demonologist mumbles some strange words.
A kobold brigand comes into view.
It is wielding a +0 club and quivering poisoned darts.
The kobold brigand shouts!
The kobold brigand throws a curare-tipped dart.
The curare-tipped dart hits you.
You are poisoned.
You have difficulty breathing.
You feel yourself slow down.
Hop to where?
Press: ? - help, Dir - move target Boing!
You feel very sick.
The kobold brigand throws a curare-tipped dart.
The curare-tipped dart hits you.
You are lethally poisoned!
You have difficulty breathing.
You feel as though you will be slow longer.
Okay, then.
Kikubaaqudgha calls piteous wretches from the earth!
Kikubaaqudgha will no longer protect you from necromantic miscasts or death curses.
A kobold and a scorpion come into view.
You feel extremely sick.
The kobold brigand throws a poisoned dart.
The poisoned dart barely misses you.
The poisoned dart hits the kobold!
The kobold is poisoned.
Kikubaaqudgha calls piteous wretches from the earth!
A wyvern and a hobgoblin come into view.
You feel very sick.
The kobold demonologist looks braver for a moment.
The kobold brigand throws a curare-tipped dart.
The curare-tipped dart hits you.
You are more poisoned.
You have difficulty breathing.
You feel as though you will be slow longer.
Casting: Animate Dead (quite dangerous; 24% risk of failure)
Confirm with . or Enter, or press ? or * to list all spells.
Okay, then.
The helpless wyvern fails to defend itself.
You puncture the wyvern!
You kill the wyvern!
That felt strangely unrewarding.
You die...
Kikubaaqudgha rasps: "You have failed me!
Welcome... death!"

#......## #.....#...##
#..##...## ##........## #.
##...## #........## ##.
#....## #........## #..
##....## ##......[..# ##.#
##....###..........##
#.4.####....##...........###
#.K.K#......†..............#
#.4.K...@K...###.........
##K.K..g#s..## ##........
#..#####...# ##....... #..#
#...# ##...... #... #...#
#...... .... ....# #..####
#..... ...# #..# ..##.. ....
#..# #.# ##. ..... #..


You could see an orange demon (summoned), a kobold demonologist, 3 kobold
brigands, a scorpion (paralysed), a hobgoblin (paralysed) and a kobold
(paralysed, very poisoned).

Vanquished Creatures
  Sigmund (D:2)
  A wyvern (D:7)
  A water moccasin (D:7)
  A phantom (D:3)
  A bullfrog (D:7)
  3 scorpions
  4 wights (D:6)
  2 hounds
  2 orc priests
  A sleepcap (D:5)
  2 orc wizards
  Natasha (thrice) (D:2)
  2 iguanas
  3 gnolls (D:5)
  2 adders
  A shadow imp (D:7)
  A dart slug (D:1)
  10 orcs
  3 endoplasms
  6 hobgoblins
  3 quokkas
  3 ball pythons
  4 bats
  5 frilled lizards
  5 goblins
  6 kobolds
  5 rats
81 creatures vanquished.

Notes
Turn   | Place    | Note
-------+----------+-------------------------------------------
     0 | D:1      | browni3141 the Barachi Monk began the quest for the Orb.
     0 | D:1      | Reached XP level 1. HP: 18/18 MP: 1/1
    77 | D:1      | Reached XP level 2. HP: 21/25 MP: 2/2
   118 | D:2      | Reached skill level 4 in Long Blades
   127 | D:2      | Noticed Sigmund
   163 | D:2      | Found a faded altar of an unknown god.
   286 | D:2      | Noticed Natasha
   295 | D:2      | Killed Natasha
   296 | D:2      | Reached skill level 1 in Spellcasting
   296 | D:2      | Reached XP level 3. HP: 7/30 MP: 1/5
   327 | D:2      | Reached XP level 4. HP: 11/37 MP: 2/8
   549 | D:2      | Killed Sigmund
   550 | D:2      | Reached skill level 5 in Long Blades
   550 | D:2      | Reached XP level 5. HP: 31/42 MP: 7/11
   550 | D:2      | Reached XP level 6. HP: 35/48 MP: 7/12
   555 | D:2      | Found Teten's Assorted Antiques.
   562 | D:2      | Bought a bubbling inky potion for 18 gold pieces
   626 | D:2      | Noticed Natasha
   634 | D:2      | Killed Natasha
   661 | D:2      | Noticed Natasha
   671 | D:2      | Killed Natasha
   672 | D:2      | Reached skill level 6 in Long Blades
   782 | D:5      | Entered Level 5 of the Dungeon
  1213 | D:3      | HP: 1/48 [orc/+0 club (3)]
  1371 | D:3      | Reached skill level 1 in Armour
  1371 | D:3      | Reached XP level 7. HP: 40/54 MP: 9/13
  1531 | D:4      | You fall into a shaft and drop 1 floor!
  1531 | D:5      | Found a hide-covered altar of Uskayaw.
  1556 | D:6      | Noticed a steam dragon
  1650 | D:5      | Found an opulent altar of Gozag.
  1677 | D:5      | Found a stormy altar of Qazlal.
  1683 | D:5      | Found a sacrificial altar of Ru.
  1793 | D:6      | Reached skill level 5 in Armour
  1793 | D:6      | Reached XP level 8. HP: 17/60 MP: 4/14
  1934 | D:7      | Reached skill level 5 in Necromancy
  1950 | D:7      | Found a staircase to the Ecumenical Temple.
  1962 | Temple   | Entered the Ecumenical Temple
  1975 | Temple   | Became a worshipper of Kikubaaqudgha
  1975 | Temple   | Reached * piety under Kikubaaqudgha
  1975 | Temple   | Received a gift from Kikubaaqudgha
  1975 | Temple   | Reached ** piety under Kikubaaqudgha
  1981 | Temple   | Learned a level 4 spell: Animate Dead
  2046 | D:7      | Noticed a kobold demonologist
  2047 | D:7      | Noticed an orange demon
  2050 | D:7      | HP: 2/60 [asphyx]
  2051 | D:7      | Succumbed to a kobold brigand's curare-tipped dart

Illustrated notes

Levels and vault maps discovered:
D:1:      elethiomel_arrival_diamonds, layout_rooms
D:2:      layout_basic, serial_shops, nicolae_shop_pleasant_corner_grove,
          nicolae_ecumenical_oubliette, minmay_tromino_v2, uniq_sigmund,
          uniq_natasha
D:3:      layout_loops_corners
D:4:      layout_basic, chequers_garden, kennysheep_generic_room_11
D:5:      layout_basic, old_standard_altar, minmay_overflow_temple_star_quad
D:6:      layout_basic, makhleb_blood_cavern_becter,
          nicolae_shop_sticking_my_neck_out, uniq_jeremiah
D:7:      layout_layer_cave, lemuel_doored_altar,
          minmay_temple_entry_proselytizer, uniq_maggie
Temple:   nicolae_temple_bog_church

Skill      XL: |  1  2  3  4  5  6  7  8 |
---------------+-------------------------+-----
Fighting       | 4 |  4.1
Long Blades    | 4 5 6 |  6.0
Spellcasting   | 1 2 4 |  4.0
Necromancy     | 2 3 5 |  5.4
Armour         | 1 5 |  5.0
Dodging        | 4 |  4.0

Action                     |  1- 3 |  4- 6 |  7- 9 || total
---------------------------+-------+-------+-------++-------
  Melee: Falchion          |    67 |   136 |    85 ||   288
         Short sword       |       |       |    48 ||    48
   Fire: Sling             |       |       |     8 ||     8
 Invoke: Unearth Wretches  |       |       |     2 ||     2
Ability: Hop               |     2 |     6 |     4 ||    12
  Evoke: Wand              |       |       |     2 ||     2
    Use: Potion            |     1 |     4 |       ||     5
         Scroll            |       |     5 |       ||     5
   Stab: Distracted        |       |     1 |       ||     1
         Paralysed         |       |       |     1 ||     1
 Armour: Robe              |    32 |    87 |     1 ||   120
         Chain mail        |       |    17 |   108 ||   125
  Dodge: Dodged            |    47 |    88 |    26 ||   161
